 Dungeon Crawl Stone Soup version 0.19.4-9-g45fd643 (webtiles) character file.

55 vatarom the Conjurer (level 3, -1/27 HPs)
             Began as a Mummy Conjurer on Feb 21, 2017.
             Killed from afar by Sigmund (10 damage)
             ... with a puff of flame
             ... on level 2 of the Dungeon.
             The game lasted 00:04:26 (2011 turns).

vatarom the Conjurer (Mummy Conjurer)               Turns: 2011, Time: 00:04:26

Health: -1/27      AC:  2    Str: 11    XL:     3   Next: 67%
Magic:  0/6        EV: 12    Int: 15    God:
Gold:   121        SH:  0    Dex: 12    Spells: 3 memorised, 0 levels left

rFire  x . .     SeeInvis .     c - +0 dagger
rCold  + . .     Gourm    .     a - +0 robe
rNeg   + + +     Faith    .     (no shield)
rPois  ∞         Spirit   .     (no helmet)
rElec  .         Reflect  .     (no cloak)
rCorr  .         Harm     .     (no gloves)
MR     .....                    (no boots)
Stlth  ++........               (no amulet)
                                (no ring)
                                (no ring)

@: no status effects
A: no food or potions, fire vulnerability, cold resistance 1, negative energy
resistance 3, torment resistance, unbreathing
a: no special abilities


You were on level 2 of the Dungeon.
You were not hungry.

You visited 1 branch of the dungeon, and saw 3 of its levels.

You collected 121 gold pieces.

Inventory:

Hand Weapons
 c - a +0 dagger (weapon)
Armour
 a - a +0 robe (worn)
 d - a +0 helmet
Scrolls
 e - 3 scrolls of identify
 f - a scroll of noise
Books
 b - a book of Conjurations

   Spells                             Type                      Level
   a - Magic Dart                     Conjuration                  1
   b - Searing Ray                    Conjuration                  2
   c - Dazzling Spray                 Conjuration/Hexes            3
   d - Fulminant Prism                Conjuration/Hexes            4
   e - Iskenderun's Mystic Blast      Conjuration                  4
   f - Iskenderun's Battlesphere      Conjuration/Charms           5


   Skills:
 - Level 2.0 Fighting
 - Level 1.5 Dodging
 - Level 1.5 Stealth
 - Level 2.0 Spellcasting
 + Level 4.0 Conjurations


You couldn't memorise any spells.
You knew the following spells:

 Your Spells              Type           Power        Failure   Level  Hunger
a - Magic Dart            Conj           ##..         4%          1    N/A
b - Searing Ray           Conj           ##....       8%          2    N/A
c - Dazzling Spray        Conj/Hex       #.....       30%         3    N/A

Dungeon Overview and Level Annotations

Branches:
Dungeon (3/15)

Altars:
Xom
Zin

Annotations:
D:2 Sigmund


Innate Abilities, Weirdness & Mutations

You do not eat or drink.
Your flesh is vulnerable to fire.
You are immune to poison.
Your flesh is cold resistant. (rC+)
You are immune to negative energy. (rN+++)
You are immune to unholy pain and torment.
You can survive without breathing.


Message History

Aiming: Magic Dart
Press: ? - help, Shift-Dir - straight line, f/p - Sigmund
Aim: Sigmund, wielding a scythe and wearing a robe (lightly wounded)
The magic dart hits Sigmund.
Sigmund is moderately wounded.
Sigmund hits you with a scythe!
Casting: Magic Dart
Confirm with . or Enter, or press ? or * to list all spells.
Aiming: Magic Dart
Press: ? - help, Shift-Dir - straight line, f/p - Sigmund
Aim: Sigmund, wielding a scythe and wearing a robe (moderately wounded)
The magic dart hits Sigmund.
Sigmund is moderately wounded.
Casting: Magic Dart
Confirm with . or Enter, or press ? or * to list all spells.
You don't have enough magic to cast that spell.
Unknown command.
Sigmund points at you and mumbles some strange words.
The puff of flame hits you! The fire burns you terribly!
You die...

######......# ###..†.......####.#
###....# ####.....@...# #.#
#....##..............# ..#
#########...#..###............ #
#§§§§§§.#...#.# #..........## ##
#§#####.#...#)# #..........####.
#§#...#.#.....######............@
#.#.#...#......##.@.......#######
#.#.########....@..# ..# #
..#.......##.......# #
#########..........# #
#......>....# # ............... #
##.........#.### # #.........(#.#
#..........#.#


You could see Sigmund.

Vanquished Creatures
  2 adders (D:2)
  A worm (D:2)
  A dart slug (D:2)
  2 leopard geckos (D:1)
  A giant cockroach (D:1)
  3 goblins
  4 hobgoblins
  2 jackals (D:1)
  A quokka (D:2)
  A ball python (D:2)
  7 bats
  3 frilled lizards
  2 kobolds (D:1)
  2 rats (D:1)
32 creatures vanquished.

Notes
Turn   | Place    | Note
-------+----------+-------------------------------------------
     0 | D:1      | vatarom the Mummy Conjurer began the quest for the Orb.
     0 | D:1      | Reached XP level 1. HP: 13/13 MP: 3/3
   144 | D:1      | Reached skill level 1 in Fighting
   534 | D:1      | Reached XP level 2. HP: 20/21 MP: 1/5
   551 | D:1      | Learned a level 2 spell: Searing Ray
  1100 | D:2      | Noticed Sigmund
  1333 | D:2      | Found a glowing silver altar of Zin.
  1335 | D:2      | Noticed an angel
  1338 | D:2      | Found a shimmering altar of Xom.
  1440 | D:2      | Reached XP level 3. HP: 7/27 MP: 0/6
  1501 | D:2      | Learned a level 3 spell: Dazzling Spray
  1940 | D:1      | Reached skill level 4 in Conjurations
  2011 | D:2      | Killed from afar by Sigmund

Skill      XL: |  1  2  3 |
---------------+----------+-----
Fighting       | 1 2 |  2.0
Conjurations   | 4 |  4.0
Dodging        | |  1.5
Stealth        | |  1.5
Spellcasting   | |  2.0

Action                   || total
-------------------------++-------
Melee: Dagger            ||    40
 Cast: Magic Dart        ||    54
       Searing Ray       ||     3
       Dazzling Spray    ||     1
  Use: Scroll            ||     6
Armor: Robe              ||    14
Dodge: Dodged            ||    37
